 Dungeon Crawl Stone Soup version 0.31.0-32-g396128a36d (webtiles) character file.

Game seed: 10037555699870664963

22 Greth the Sneak (level 2, -29/13 HPs)
             Began as a Spriggan Enchanter on Mar 28, 2024.
             Killed by an exploding goblin (33 damage)
             ... ignited by their inner flame
             ... on level 2 of the Dungeon on Mar 29, 2024.
             The game lasted 00:07:17 (637 turns).

Greth the Sneak (Spriggan Enchanter)                 Turns: 637, Time: 00:07:17

Health: -29/13     AC:  6    Str:  4    XL:     2   Next: 68%
Magic:  7/7        EV: 17    Int: 16    God:
Gold:   25         SH:  0    Dex: 15    Spells: 7/7 levels left

rFire   . . .        a - +1 dagger
rCold   . . .        (no shield)
rNeg    . . .        b - +0 robe
rPois   .            (helmet restricted)
rElec   .            (no cloak)
rCorr   .            (gloves unavailable)
SInv    +            (boots unavailable)
Will    .....        (no amulet)
Stlth   +++          e - +4 ring of protection
HPRegen 0.22/turn    (no ring)
MPRegen 0.10/turn

%: no passive effects
@: very quick
A: very small, no large weapons, unfitting armour, see invisible, speed 3
a: no special abilities


You were on level 2 of the Dungeon.
You visited 1 branch of the dungeon, and saw 2 of its levels.

You collected 25 gold pieces.

Inventory:

Hand Weapons
 a - a +1 dagger (weapon)
Armour
 b - a +0 robe (worn)
Jewellery
 e - a +4 ring of protection (left hand)
Scrolls
 d - a scroll of immolation
 g - 2 scrolls of revelation
 h - a scroll of amnesia {unknown}
Potions
 c - 2 potions of invisibility


   Skills:
 - Level 1.1 Short Blades
 + Level 3.2 Dodging
 - Level 4.4 Stealth
 + Level 3.1 Spellcasting
 * Level 4.3 Hexes


You had 7 spell levels left.
You didn't know any spells.
Your spell library contained the following spells:

 Spells                   Type           Power      Damage    Failure   Level
 Confusing Touch          Hex            16%        N/A       10%         3
 Tukima's Dance           Hex            16%        N/A       10%         3
 Ensorcelled Hibernation  Hex/Ice        18%        N/A       12%         2
 Dazzling Flash           Conj/Hex       18%        N/A       22%         3
 Gell's Gravitas          Tloc           2%         N/A       50%         3
 Passwall                 Erth           2%         N/A       50%         3
 Swiftness                Air            2%         N/A       50%         3
 Teleport Other           Tloc           2%         N/A       50%         3
 Dispersal                Tloc           1%         N/A       100%        6


Dungeon Overview and Level Annotations

Branches:
Dungeon (2/15)

Altars:


Innate Abilities, Weirdness & Mutations

You are very small and have problems with some larger weapons.
You are too small for most types of armour.
You have supernaturally acute eyesight. (SInv)
You cover ground extremely quickly. (Speed+++)


Message History

It was a scroll of revelation. 2 goblins come into view.
The kobold barely misses you.
Robin roars a battlecry!
The goblin goes into a battle-frenzy!
The goblin misses you. The goblin completely misses you.
As you read the scroll labelled KAALEI VIDUE, it crumbles to dust.
The creatures around you are filled with an inner flame!
It was a scroll of immolation.
The kobold closely misses you. The goblin hits you with a +0 dagger.
The goblin misses you.
As you read the scroll labelled MEUCHOC LUOXKY, it crumbles to dust.
Your body is wracked with pain!
The goblin convulses!
Flame seeps out of the goblin.
The goblin convulses!
Flame seeps out of the goblin.
The goblin convulses!
Flame seeps out of the goblin.
The goblin convulses!
Flame seeps out of the goblin.
The goblin convulses!
Flame seeps out of the goblin.
The adder convulses!
Flame seeps out of the adder.
The goblin convulses!
Flame seeps out of the goblin.
Robin convulses!
Flame seeps out of Robin.
The dart slug convulses!
Flame seeps out of the dart slug.
The goblin convulses!
The ball python convulses!
The ball python hisses angrily.
It was a scroll of torment.
The adder is engulfed in blazing flames.
The adder explodes!
The fiery explosion engulfs the goblin!!! x2
The fiery explosion engulfs the goblin!!
The goblin explodes!
The fiery explosion engulfs the goblin!!!
The fiery explosion engulfs the rat!!!
The rat explodes!
The fiery explosion engulfs Robin!
You feel a bit more experienced.
You hear an explosion!
You feel a bit more experienced. x2
Robin explodes!
The fiery explosion engulfs the dart slug!!
The dart slug explodes!
The goblin explodes!
The fiery explosion engulfs you!!
Ouch! That really hurt!
You die...

##...S...w.#.*,,,,,,,>,
##......S..g...,********
##....§§§g.gJ..,,..#**
##....§○§§...#.,,..?,*
###...§○○...###***#..* #
####..○○§g.#### #..###
#######○####### *#....
#######○####### #...#
#######@####### **#..
######Kg####### ###.
#####..g#############...
#####.♣..8..♣..8..∩##...
#####.............g....#
#####...................
#####.∩..∩..♣.....∩.###.
#####...............# *#
##..............# *


You could see 3 goblins, a ball python and a kobold (inner flame).

Vanquished Creatures
  Robin (D:2)
  An adder (D:2)
  2 dart slugs
  6 ball pythons
  An endoplasm (D:1)
  2 giant cockroaches (D:1)
  7 goblins (D:2)
  2 hobgoblins (D:1)
  2 bats (D:1)
  2 frilled lizards (D:1)
  A kobold (D:1)
  3 rats
30 creatures vanquished.

Notes
Turn   | Place    | Note
-------+----------+-------------------------------------------
     0 | D:1      | Greth the Spriggan Enchanter began the quest for the Orb.
     0 | D:1      | Reached XP level 1. HP: 9/9 MP: 5/5
   169 | D:1      | Reached XP level 2. HP: 13/13 MP: 6/6
   617 | D:2      | Found a faded altar of an unknown god.
   627 | D:2      | Noticed Robin
   637 | D:2      | Killed Robin
   637 | D:2      | Killed by an exploding goblin... ignited by their inner
                  | flame

Illustrated notes

Levels and vault maps discovered:
D:1:      zelgadis_glass_arrival_small, layout_loops_cross,
          serial_bayou_crossing
D:2:      layout_rooms, hellmonk_ecumenical_altar_arch_garden, uniq_robin

Skill      XL: |  1  2 |
---------------+-------+-----
Dodging        | 3 |  3.2
Hexes          | 4 |  4.3
Spellcasting   | 3 |  3.1
Short Blades   | |  1.1
Stealth        | |  4.4

Action                     || total
---------------------------++-------
  Melee: Dagger            ||    63
    Use: Scroll            ||     3
   Stab: Sleeping          ||     4
 Armour: Robe              ||    25
  Dodge: Dodged            ||    60
